 Dungeon Crawl Stone Soup version 0.30.0-15-g856e2d3f33 (webtiles) character file.

Game seed: 6299335973003659283

134 Persephone the Chopper (level 5, -4/32 HPs)
             Began as a Gargoyle Fighter on May 19, 2023.
             Splashed by a jelly's acid (7 damage)
             ... on level 2 of the Dungeon.
             The game lasted 00:02:46 (1513 turns).

Persephone the Chopper (Gargoyle Fighter)           Turns: 1513, Time: 00:02:48

Health: -4/32      AC:  2    Str: 21    XL:     5   Next: 17%
Magic:  5/5        EV:  9    Int:  9    God:
Gold:   95         SH:  9    Dex:  9    Spells: 4/4 levels left

rFire   . . .        a - +0 war axe
rCold   . . .        c - +0 buckler
rNeg    + . .        b - +0 scale mail
rPois   ∞            (no helmet)
rElec   +            (no cloak)
rCorr   .            (no gloves)
SInv    .            (no boots)
Will    .....        i - amulet of reflection Stlth
                     q - +4 ring of protection
HPRegen 0.25/turn    (no ring)
MPRegen 0.09/turn

%: reflection
@: corroded
A: sickness immunity, AC +4, negative energy resistance 1, electricity
resistance, torment resistance 1, petrification resistance
a: no special abilities


You were on level 2 of the Dungeon.
You visited 1 branch of the dungeon, and saw 2 of its levels.

You collected 95 gold pieces.

Inventory:

Hand Weapons
 a - a +0 war axe (weapon)
Missiles
 e - 2 boomerangs of dispersal
 f - 5 javelins (quivered)
Armour
 b - a +0 scale mail (worn)
 c - a +0 buckler (worn)
Jewellery
 i - an amulet of reflection (around neck)
 q - a +4 ring of protection (left hand)
Scrolls
 g - a scroll of silence
 j - a scroll of enchant armour {unknown}
 k - a scroll of magic mapping {unknown}
 n - a scroll of identify {unknown}
 o - 3 scrolls of teleportation {unknown}
 s - a scroll of amnesia {unknown}
Potions
 d - a potion of might
 h - a potion of curing {unknown}
 l - 2 potions of brilliance {unknown}
 m - a potion of berserk rage {unknown}
 p - 3 potions of attraction {unknown}
 r - a potion of degeneration {unknown}


   Skills:
 - Level 3.3 Fighting
 + Level 4.6 Axes
 - Level 3.3 Armour
 - Level 3.3 Shields


You had 4 spell levels left.
You didn't know any spells.
Your spell library was empty.

Dungeon Overview and Level Annotations

Branches:
Dungeon (2/15)

Altars:


Innate Abilities, Weirdness & Mutations

You are immune to sickness and miasma.
Your stone body is resilient. (AC +4)
You are immune to poison.
You resist negative energy. (rN+)
You are resistant to electric shocks. (rElec)
You are resistant to unholy torment.
You are immune to petrification.


Message History

You are too injured to fight recklessly!
You are too injured to fight recklessly!
You are too injured to fight recklessly!
You are too injured to fight recklessly!
You are too injured to fight recklessly!
You are too injured to fight recklessly!
You are too injured to fight recklessly!
You are too injured to fight recklessly!
You are too injured to fight recklessly!
You are too injured to fight recklessly!
You are too injured to fight recklessly!
You are too injured to fight recklessly!
You are too injured to fight recklessly!
You hit the jelly.
You kill the jelly!
You have reached level 5!
You hit the endoplasm but do no damage. The endoplasm hits you.
You barely miss the endoplasm. You block the endoplasm's attack.
The endoplasm quivers.
You hit the jelly but do no damage. The acid corrodes you!
Your hands burn!
The jelly hits you but does no damage.
You slash the jelly!
Your hands burn!
The jelly is heavily wounded.
The endoplasm jiggles.
The jelly barely misses you.
You hit the jelly but do no damage. The acid corrodes you!
Your hands burn!
The jelly is heavily wounded.
The jelly hits you. The acid corrodes you!
You are splashed with acid!
* * * LOW HITPOINT WARNING * * *
You block the jelly's attack.
You barely miss the jelly.
The jelly is heavily wounded.
The jelly completely misses you.
You hit the jelly but do no damage.
Your hands burn!
* * * LOW HITPOINT WARNING * * *
The jelly is heavily wounded.
The jelly hits you.
* * * LOW HITPOINT WARNING * * *
You are splashed with acid!
You die...

#...# #.# ############.##..#.
##.#.# ### ### #†##..#. .#...#
#######.##.....=##.##..#.
....#####....#.#.#.JPJ.P##..#....
....#.##...).#.#.#......###....#.
...<..'......#'#)#PJPJJ.##.....#.
...#..'))......#.#..÷÷..##...#)..
......'.)......#.#.PPJ.P##.......
...#..##)......#@#J..÷..##....##.
..##..###......##JJJ....##.#...#.
..################J.....##.......
####...####### ########.......
##..###.....#############...)...
#..## #.......#.....#..##.....#.
#.## #.........#.....####......
##.#####.......#.#....## #......
...............#.#...## #......


You could see a jelly and 3 endoplasms.

Vanquished Creatures
  2 jellies (D:2)
  3 adders (D:2)
  A worm (D:2)
  A dart slug (D:2)
  5 endoplasms
  A giant cockroach (D:1)
  3 goblins
  2 hobgoblins
  A quokka (D:1)
  A ball python (D:1)
  5 bats
  A frilled lizard (D:1)
  11 kobolds (D:2)
  6 rats
43 creatures vanquished.

Notes
Turn   | Place    | Note
-------+----------+-------------------------------------------
     0 | D:1      | Persephone the Gargoyle Fighter began the quest for the
                  | Orb.
     0 | D:1      | Reached XP level 1. HP: 14/14 MP: 1/1
   188 | D:1      | Reached skill level 2 in Axes
   338 | D:1      | Reached XP level 2. HP: 19/19 MP: 2/2
   441 | D:1      | Found a faded altar of an unknown god.
  1042 | D:2      | Reached skill level 3 in Axes
  1042 | D:2      | Reached XP level 3. HP: 23/23 MP: 3/3
  1340 | D:2      | Reached XP level 4. HP: 28/28 MP: 4/4
  1498 | D:2      | Reached skill level 4 in Axes
  1507 | D:2      | Reached XP level 5. HP: 24/32 MP: 5/5
  1513 | D:2      | Splashed by a jelly's acid

Illustrated notes

Levels and vault maps discovered:
D:1:      dpeg_arrival_castle, layout_loops_corners, serial_aquarium,
          aquarium_bridge_straight [aquarium_subvault_bridge,
          aquarium_subvault_wall, aquarium_subvault_bridge,
          aquarium_subvault_wall], aquarium_window_1, aquarium_window_fake,
          aquarium_window_fake, aquarium_window_corner, aquarium_view_4,
          aquarium_balcony_3a, aquarium_pool_double,
          hellmonk_ecumenical_altar_crossroads
D:2:      cheibrodos_fertilizer, layout_rooms, minmay_tetromino_o2

Skill      XL: |  1  2  3  4 |
---------------+-------------+-----
Axes           | 2 3 4 |  4.6
Fighting       | |  3.3
Armour         | |  3.3
Shields        | |  3.3

Action                     |  1- 3 |  4- 6 || total
---------------------------+-------+-------++-------
  Melee: War axe           |    69 |    34 ||   103
  Throw: Javelin           |    26 |       ||    26
    Use: Scroll            |     1 |       ||     1
 Armour: Scale mail        |    41 |    11 ||    52
  Dodge: Dodged            |    32 |    12 ||    44
  Block: Buckler           |    34 |    14 ||    48
         Reflection        |     1 |       ||     1
